[Event "*** Titled Tuesday 3|2 Blitz"]
[Site "Chess.com"]
[Date "2016.01.05"]
[Round "2"]
[White "calemcc"]
[Black "Assasin14"]
[Result "0-1"]
[WhiteElo "2054"]
[BlackElo "1960"]
[TimeControl "180+2"]
[EndTime "17:22:51 PST"]
[Termination "Assasin14 won by checkmate"]

1. d4 d5 2. c4 c6 3. Nc3 Nf6 4.
e3 e6 5. Nf3 Nbd7 6. Qc2 Bd6 7.
Bd2 O-O 8. Bd3 dxc4 9. Bxc4 b5 10. Bd3 Bb7 11. Ng5 h6 12. Nce4 Be7 13. Nxf6+ Nxf6 14. Nh7 Nxh7 15. Bxh7+ Kh8 16. Be4 Qb6 17. O-O a5 18. a3 b4 19. axb4 axb4 20. Rxa8 Rxa8 21.
Rc1 Rc8 22. Qa4 c5 23. dxc5 Bxc5 24. Rxc5 Qxc5 25. Bd3 Qd5 26. Qb5 Qxg2# 0-1

[Event "*** Titled Tuesday 3|2 Blitz"]
[Site "Chess.com"]
[Date "2016.01.05"]
[Round "2"]
[White "Satoshi95"]
[Black "cool64chess"]
[Result "0-1"]
[WhiteElo "2098"]
[BlackElo "2228"]
[TimeControl "180+2"]
[EndTime "17:23:19 PST"]
[Termination "cool64chess won by resignation"]

1. e4 e6 2. f4 d5 3. e5 c5 4. Nf3 Nc6 5. c3 Nh6 6. Na3 Be7 7. Nc2 Nf5 8. Be2 b6 9. d4 Bb7 10. O-O cxd4 11. Ncxd4 Nfxd4 12. Nxd4 O-O 13. Nxc6 Bxc6 14. f5 f6 15. fxe6 fxe5 16. Bh5 g6 17. Qg4 Bc5+ 18. Be3 Bxe3+ 19. Kh1 Qg5 20. Rxf8+ Rxf8 21. e7 Rf5 22.
Qb4 Bc5 0-1

[Event "*** Titled Tuesday 3|2 Blitz"]
[Site "Chess.com"]
[Date "2016.01.05"]
[Round "2"]
[White "IMRosen"]
[Black "kharposh"]
[Result "1-0"]
[WhiteElo "2212"]
[BlackElo "2089"]
[TimeControl "180+2"]
[EndTime "17:23:38 PST"]
[Termination "IMRosen won by resignation"]

1. d4 d5 2. Nf3 c5 3. c3 Nc6 4. Bf4 Qb6 5. Qb3 c4 6. Qc2 Bf5 7. Qc1 Nf6 8. h3 e6 9. e3 Be7 10. Be2 O-O 11. O-O Ne4 12. Nbd2 Nxd2 13. Qxd2 Rfe8 14. Bd1 Bf6 15. Qc1 Rad8 16. Bc2 Bg6 17. Bxg6 hxg6 18. Qc2 e5 19. dxe5 Nxe5 20. Nxe5 Bxe5 21.
Bxe5 Rxe5 22. Rad1 Rde8 23. Rd4 Qe6 24. Qe2 f5 25.
Qf3 Re4 26. Rfd1 Rd8 27. Rxe4 Qxe4 28. Qxe4 fxe4 29. f3 exf3 30. gxf3 Kf7 31. Kf2 Ke6 32. Rd4 Rh8 33. h4 g5 34. hxg5 Rh2+ 35. Kg3 Rxb2 36. e4 dxe4 37. Rxe4+ Kd6 38. Rxc4 Rxa2 39. f4 g6 40. Rc8 a5 41. Rg8 a4 42. Rxg6+ Kd5 43.
Rb6 Rc2 44. Rxb7 Rxc3+ 45. Kg4 a3 46. Ra7 Ke4 47. Ra4+ Ke3 48. g6 Kf2 49. f5 Rg3+ 50. Kh5 Rh3+ 51. Kg5 Ke2 52. f6 1-0

[Event "*** Titled Tuesday 3|2 Blitz"]
[Site "Chess.com"]
[Date "2016.01.05"]
[Round "2"]
[White "Piccadilly123"]
[Black "LePatronn"]
[Result "0-1"]
[WhiteElo "1723"]
[BlackElo "1826"]
[TimeControl "180+2"]
[EndTime "17:23:38 PST"]
[Termination "LePatronn won on time"]

1. e4 c5 2. c3 Nf6 3. e5 Nd5 4. Nf3 e6 5. d4 cxd4 6. cxd4 a6 7. a3 d6 8. Bd3 Nc6 9. Qe2 Qc7 10. O-O dxe5 11. dxe5 Bc5 12. Re1 Nce7 13. b4 Ba7 14. Bb2 Nf4 15. Qe4 Nxd3 16. Qxd3 Bd7 17. Nbd2 O-O 18.
Ne4 Bb5 19. Qd2 Nf5 20. g4 Rfd8 21. Qg5 h6 22. Qh5 Rd3 23. Rac1 Qd7 24. Kg2 Nd4 25. Nxd4 Bxd4 26. Nc5 Bc6+ 27. Kg1 Qd5 28. Ne4 Bxf2+ 29. Kxf2 Rd8 0-1

[Event "*** Titled Tuesday 3|2 Blitz"]
[Site "Chess.com"]
[Date "2016.01.05"]
[Round "2"]
[White "jcgs1030"]
[Black "TheMagician"]
[Result "0-1"]
[WhiteElo "2179"]
[BlackElo "2166"]
[TimeControl "180+2"]
[EndTime "17:23:44 PST"]
[Termination "TheMagician won on time"]

1. e4 e5 2. Nf3 Nc6 3. Bb5 a6 4. Ba4 Nf6 5. O-O b5 6. Bb3 Be7 7. a4 bxa4 8. Rxa4 d6 9. d4 Bg4 10. c3 O-O 11. Nbd2 a5 12. Re1 Rb8 13. d5 Na7 14.
Rxa5 Nc8 15. h3 Bxf3 16. Nxf3 Nd7 17. Bc2 c6 18. Ra6 cxd5 19. exd5 f5 20. b4 g6 21. Bh6 Rf7 22. Qa1 Qc7 23. Ba4 Ndb6 24. Bc6 Bf6 25. Bg5 Bg7 0-1

[Event "*** Titled Tuesday 3|2 Blitz"]
[Site "Chess.com"]
[Date "2016.01.05"]
[Round "2"]
[White "Colombiano07"]
[Black "Malev212"]
[Result "0-1"]
[WhiteElo "2187"]
[BlackElo "2301"]
[TimeControl "180+2"]
[EndTime "17:23:48 PST"]
[Termination "Malev212 won by resignation"]

1. d4 Nf6 2. Nc3 g6 3. e4 d6 4.
Nf3 Bg7 5. h3 O-O 6. Be3 a6 7. a4 Nc6 8. Qd2 b6 9. Bh6 Bb7 10.
Bxg7 Kxg7 11. Be2 e5 12. O-O Re8 13. Rfe1 exd4 14. Nxd4 Nxd4 15. Qxd4 c5 16. Qd3 Nxe4 17. Rad1 Qf6 18. Nxe4 Bxe4 19. Qxd6 Re6 20. Qc7 Bxc2 21. Rc1 Bxa4 22. Bf3 Rae8 23. Rxe6 Rxe6 24. Rc3 Re1+ 25. Kh2 Qe5+ 26. Qxe5+ Rxe5 27. Ra3 Bb5 28. Bb7 a5 29. Rb3 c4 30. Rc3 Rc5 31. Kg3 Bc6 32. Ba6 b5 33. b3 cxb3 34. Rxb3 b4 35. f3 Bd5 36. Rb2 b3 37. Be2 a4 38. Bd1 a3 39. Rd2 a2 0-1

[Event "*** Titled Tuesday 3|2 Blitz"]
[Site "Chess.com"]
[Date "2016.01.05"]
[Round "2"]
[White "UltimateCrusher2"]
[Black "eltenedor"]
[Result "1-0"]
[WhiteElo "2037"]
[BlackElo "1999"]
[TimeControl "180+2"]
[EndTime "17:23:51 PST"]
[Termination "UltimateCrusher2 won by checkmate"]

1. b3 c5 2. Bb2 Nc6 3. Nf3 d6 4. e4 e5 5. Bb5 Qb6 6. Na3 a6 7. Be2 Nf6 8. d3 Qc7 9. O-O Be7 10. c3 O-O 11. Re1 Be6 12. h3 b5 13. Bf1 b4 14.
Nc2 bxc3 15. Bxc3 a5 16. Ne3 a4 17. Qc2 axb3 18. axb3 Qb7 19. Nc4 Nd4 20. Nxd4 cxd4 21. Bd2 Rfc8 22. f4 g6 23. g4 Ne8 24. f5 Bd7 25. Bg2 Bc6 26. Na5 Qb5 27. Nxc6 Rxc6 28. Qb2 Rb8 29. b4 Nc7 30. Ra3 Bh4 31. Rea1 f6 32. Kh1 d5 33. Qb3 Rd6 34. Ra5 Qd7 35. Rxd5 Nxd5 36. exd5 gxf5 37. gxf5 Qxf5 38. b5 Qf2 39.
Be1 Qf4 40. Bxh4 Qxh4 41. Qc4 Qh6 42. Qc5 Qf8 43. Rg1 Kh8 44. Be4 Rdb6 45. Qc7 Rxb5 46. Qxh7# 1-0

[Event "*** Titled Tuesday 3|2 Blitz"]
[Site "Chess.com"]
[Date "2016.01.05"]
[Round "2"]
[White "LADIESGET2KNOWME"]
[Black "jlandaw"]
[Result "1/2-1/2"]
[WhiteElo "2283"]
[BlackElo "2348"]
[TimeControl "180+2"]
[EndTime "17:23:59 PST"]
[Termination "Game drawn by repetition"]

1. d4 Nf6 2. Nf3 e6 3. g3 b6 4. Bg2 Bb7 5. O-O Be7 6. c4 O-O 7. Nc3 Ne4 8. Bd2 f5 9. Qc2 Bf6 10. Rad1 d6 11. d5 Nxd2 12. Nxd2 Bxc3 13. Qxc3 e5 14.
f4 e4 15. b4 a5 16. a3 Qf6 17. Qxf6 Rxf6 18. Nb3 axb4 19. axb4 Ra4 20. b5 Rxc4 21. Rc1 Bxd5 22. Rxc4 Bxc4 23. Nd4 Nd7 24. Rc1 d5 25. e3 Nc5 26. Ra1 Ne6 27. Nc6 Bxb5 28. Ne7+ Kf7 29.
Nxd5 Rg6 30. Ra7 Ke8 31. Rxc7 Bd7 32. Rb7 Bc6 33. Rb8+ Kd7 34. Nb4 b5 35. Bf1 Nc7 36.
Rb6 Rd6 37. Nxc6 Rxc6 38. Bxb5 Nxb5 39. Rxb5 g6 40. Rb7+ Rc7 41. Rxc7+ Kxc7 42. Kf2 Kd6 43. Ke2 Kd5 44. Kd2 Kc4 45. Kc2 h6 46. h3 Kb4 47.
Kb2 Kc4 48. Kc2 Kb4 49. Kb2 Kc4 50. Kc2 1/2-1/2

[Event "*** Titled Tuesday 3|2 Blitz"]
[Site "Chess.com"]
[Date "2016.01.05"]
[Round "2"]
[White "Alliswell998"]
[Black "chesstatour"]
[Result "0-1"]
[WhiteElo "2053"]
[BlackElo "1923"]
[TimeControl "180+2"]
[EndTime "17:24:08 PST"]
[Termination "chesstatour won by checkmate"]

1. e4 c6 2. d4 d5 3. exd5 cxd5 4. Bd3 Nc6 5. c3 g6 6. Bf4 Bg7 7. Nf3 Nh6 8. Nbd2 O-O 9. O-O f6 10. Re1 Nf7 11. Bc2 e5 12. dxe5 fxe5 13. Bg3 e4 14. Nd4 Bxd4 15. cxd4 Nxd4 16. Nb3 Nxc2 17. Qxc2 Bf5 18.
Nd4 Qb6 19. Qd2 Rad8 20. Rac1 Rd7 21. h4 Bg4 22. a4 Qf6 23. a5 Ne5 24. Bxe5 Qxe5 25.
Qe3 Qf6 26. b4 Qxh4 27. Rc3 Qf6 28. Rec1 Rdf7 29. R1c2 Qf4 30. Qxf4 Rxf4 31. Rc5 Rd8 32. Rc7 Rf7 33. b5 Rdd7 34. Rc8+ Kg7 35. b6 axb6 36.
axb6 Rd6 37. Rb2 Bxc8 38. Rb4 Bd7 39. Nb3 Bc6 40. Nc5 d4 41. Kf1 e3 42. Ke1 exf2+ 43.
Kf1 d3 44. Rb1 d2 45. Rd1 Bb5+ 46. Nd3 Bxd3# 0-1

[Event "*** Titled Tuesday 3|2 Blitz"]
[Site "Chess.com"]
[Date "2016.01.05"]
[Round "2"]
[White "Cecile_Haussernot"]
[Black "AdrianaNikolova"]
[Result "0-1"]
[WhiteElo "2184"]
[BlackElo "2166"]
[TimeControl "180+2"]
[EndTime "17:24:14 PST"]
[Termination "AdrianaNikolova won by resignation"]

1. e4 c5 2. Nf3 Nc6 3. Nc3 d6 4. d4 cxd4 5. Nxd4 Nf6 6. Bg5 e6 7. Qd2 a6 8. O-O-O h6 9. Be3 Bd7 10. f3 Rc8 11. g4 b5 12. Bd3 Nxd4 13. Bxd4 b4 14. Ne2 Qa5 15. Kb1 e5 16. Be3 Be6 17.
Nc1 Be7 18. h4 Nd7 19. g5 Nc5 20. gxh6 gxh6 21. f4 exf4 22. Bd4 Rg8 23. Qxf4 h5 24. Rhg1 Rxg1 25. Rxg1 Kd7 26. Rd1 Nxd3 27. Rxd3 Qb5 28.
Bf2 Qc4 29. Qd2 Ke8 30. Rd4 Qf1 31. Rxb4 d5 32. Rb7 dxe4 33. Qd4 Bc5 34. Qh8+ Bf8 35. Bd4 Qg2 36. Bc3 e3 37. Qe5 Qxb7 38. Qxe3 Bc5 39.
Qe5 Qd5 40. Qh8+ Kd7 41. Qf6 Be3 0-1

[Event "*** Titled Tuesday 3|2 Blitz"]
[Site "Chess.com"]
[Date "2016.01.05"]
[Round "2"]
[White "Hikaru"]
[Black "pKiLz5Rn9b"]
[Result "1-0"]
[WhiteElo "2895"]
[BlackElo "2367"]
[TimeControl "180+2"]
[EndTime "17:24:25 PST"]
[Termination "Hikaru won by resignation"]

1. d4 e6 2. Bf4 Nf6 3. e3 d5 4. Bd3 Bd6 5. Bg3 c5 6. c3 Nc6 7.
Nf3 O-O 8. Nbd2 Re8 9. O-O e5 10. Bb5 e4 11. Ne5 Qc7 12. Qa4 Bd7 13. Nxd7 Nxd7 14.
Rac1 Bxg3 15. fxg3 c4 16. b3 Nb6 17. Qa3 a6 18. Bxc6 Qxc6 19. Rb1 cxb3 20. Rxb3 Na4 21. c4 dxc4 22. Nxc4 Qxc4 23. Rb4 Qe2 24. Qb3 b5 25. Qxf7+ Kh8 26. Rb3 Nb6 27. h4 Qc4 28. Qb7 Reb8 29. Qxe4 Re8 30. Qb7 Nd5 31. Rf7 Nxe3 32.
Kh2 Ng4+ 33. Kh3 Qc8 34. Qxc8 Raxc8 35. Kxg4 Rc4 36. Rd7 h6 37. Rd3 Re2 38. Kh3 Rxa2 39. Re3 Rc1 40. Re8+ Kh7 41. h5 Rh1+ 42. Kg4 Rd1 43.
Rdd8 1-0

[Event "*** Titled Tuesday 3|2 Blitz"]
[Site "Chess.com"]
[Date "2016.01.05"]
[Round "2"]
[White "wonderfultime"]
[Black "Aygehovit1992"]
[Result "1-0"]
[WhiteElo "2624"]
[BlackElo "2386"]
[TimeControl "180+2"]
[EndTime "17:24:31 PST"]
[Termination "wonderfultime won by resignation"]

1. d4 d6 2. c4 g6 3. Nc3 Bg7 4. e4 Nf6 5. f3 O-O 6. Be3 Nc6 7. Nge2 a6 8. Qd2 Rb8 9. Rc1 e6 10. Ng3 Nd7 11. d5 Nce5 12. Be2 h5 13. O-O Nf6 14. Nh1 c5 15. dxc6 bxc6 16. Rfd1 d5 17. cxd5 cxd5 18. Nf2 Bb7 19. Bd4 dxe4 20. Qf4 Nd5 21.
Nxd5 Qxd5 22. fxe4 Qa5 23. Bc3 Qc5 24. b4 Qc7 25. Bb2 Bc6 26. Rc5 f6 27. Rdc1 g5 28. Bxe5 fxe5 29. Qxg5 Qa7 30. Bf3 Bd7 31. Nd3 Rf7 32.
Nxe5 Be8 33. Nxf7 Qxf7 34. Rc7 Qf8 35. a3 Rb5 36. Qd8 h4 37. Rc8 Kh7 38. Qxe8 Bd4+ 39.
Kh1 Qxe8 40. Rxe8 1-0

[Event "*** Titled Tuesday 3|2 Blitz"]
[Site "Chess.com"]
[Date "2016.01.05"]
[Round "2"]
[White "tigra"]
[Black "GianmarcoVaR"]
[Result "1-0"]
[WhiteElo "2218"]
[BlackElo "2236"]
[TimeControl "180+2"]
[EndTime "17:24:39 PST"]
[Termination "tigra won by checkmate"]

1. e4 c6 2. d4 d5 3. Nc3 dxe4 4. Nxe4 Bf5 5. Ng3 Bg6 6. N3e2 h6 7. Nf4 Bh7 8. Nf3 e6 9. Bd3 Bxd3 10. Nxd3 Nf6 11. O-O Nbd7 12. Qe2 Be7 13. c4 O-O 14. Rd1 b5 15. b3 Qc7 16. Bf4 Qb7 17. Nfe5 Rac8 18.
Nxd7 Nxd7 19. d5 bxc4 20. bxc4 cxd5 21. cxd5 Qa6 22. Rab1 Bf6 23. dxe6 fxe6 24. h3 Nc5 25. Nc1 Qa4 26. Be3 Ne4 27. Qg4 Kh8 28. Nd3 Rc4 29.
Nf4 Nc3 30. Ng6+ Kg8 31. Qxe6+ Rf7 32. Rb8+ Kh7 33. Qxf7 Qxd1+ 34. Kh2 Qd6+ 35. Bf4 Qxb8 36. Bxb8 Ra4 37. Be5 Bxe5+ 38. Nxe5 Rxa2 39. Ng4 Ne2 40. Nf6+ Kh8 41. Qg8# 1-0

[Event "*** Titled Tuesday 3|2 Blitz"]
[Site "Chess.com"]
[Date "2016.01.05"]
[Round "2"]
[White "jcibarra"]
[Black "oskariot"]
[Result "0-1"]
[WhiteElo "2498"]
[BlackElo "2340"]
[TimeControl "180+2"]
[EndTime "17:24:41 PST"]
[Termination "oskariot won by resignation"]

1. e4 c5 2. Nf3 d6 3. d4 cxd4 4.
Nxd4 Nf6 5. Nc3 Nc6 6. Bg5 Bd7 7. Qd2 Rc8 8. f4 h6 9. Bxf6 gxf6 10. Nf5 Qa5 11.
O-O-O Bxf5 12. exf5 Qxf5 13. Nd5 e6 14. Nc3 Qa5 15. Qe1 f5 16. Kb1 Bg7 17. Rxd6 Bxc3 18. Qxc3 Qxc3 19. bxc3 Ke7 20. Rd1 Rhd8 21. Be2 Na5 22.
Rxd8 Rxd8 23. g3 b6 24. Bd3 Nb7 25. Re1 Kf6 26. Kc1 Nc5 27. Re3 Rd5 28. c4 Rd6 29.
Kb2 Nb7 30. Kc3 Rc6 31. Re5 Nd6 32. Kd4 Nb7 33. h3 Rc8 34. Re3 Nd6 35. a3 Ke7 36. Re5 f6 37. Re3 Kd7 38. g4 fxg4 39. hxg4 Rg8 40.
Be2 h5 41. f5 e5+ 42. Kc3 hxg4 43. Rg3 Ne4+ 0-1

[Event "*** Titled Tuesday 3|2 Blitz"]
[Site "Chess.com"]
[Date "2016.01.05"]
[Round "2"]
[White "Dlugy"]
[Black "nfds"]
[Result "0-1"]
[WhiteElo "2566"]
[BlackElo "2346"]
[TimeControl "180+2"]
[EndTime "17:24:42 PST"]
[Termination "nfds won by resignation"]

1. d4 d5 2. Bf4 Nf6 3. e3 c5 4. dxc5 Nc6 5. Bb5 Qa5+ 6. Nc3 a6 7. Bxc6+ bxc6 8. Nf3 Ne4 9. O-O Nxc3 10. bxc3 e6 11. Bd6 Bxd6 12. cxd6 O-O 13. Ne5 Qd8 14. Nxc6 Qxd6 15.
Nd4 a5 16. Nb5 Qc5 17. a4 Ba6 18. Qd4 Rfc8 19. Rfb1 Bxb5 20. axb5 Qxc3 21. Qxc3 Rxc3 22. Rb2 Kf8 23. b6 Rc5 24. Kf1 Ke7 25. Ke2 Kd7 26. Kd2 Kc6 27. b7 Rb8 28. Rab1 a4 29. Rb6+ Kc7 30. Ra6 Rc4 31. Ra1 Rxb7 32. R6xa4 Rxa4 33. Rxa4 Kd7 34. e4 Kd6 35. exd5 exd5 36. Rh4 h6 37.
Rg4 g6 38. Ra4 h5 39. f4 Rc7 40. Ra6+ Rc6 41. Ra7 Rc7 42. Rxc7 Kxc7 43. Kd3 f6 44. Kd4 Kc6 45. h4 Kd6 46. c4 dxc4 47. Kxc4 Ke6 48. Kd4 Kf5 49. Ke3 Kg4 50. Ke4 Kxh4 51. Kf3 f5 52. Kf2 Kg4 53. g3 h4 54. gxh4 Kxf4 55. h5 gxh5 0-1

[Event "*** Titled Tuesday 3|2 Blitz"]
[Site "Chess.com"]
[Date "2016.01.05"]
[Round "2"]
[White "GrigorGrigorov"]
[Black "JusticeBot"]
[Result "0-1"]
[WhiteElo "2497"]
[BlackElo "2485"]
[TimeControl "180+2"]
[EndTime "17:25:15 PST"]
[Termination "JusticeBot won by checkmate"]

1. d4 Nf6 2. Nf3 e6 3. c4 b6 4. g3 Ba6 5. b3 d5 6. Bg2 dxc4 7. Ne5 Bb4+ 8. Bd2 cxb3 9. axb3 Bxd2+ 10. Qxd2 Nd5 11.
O-O O-O 12. Rc1 Bb7 13. Qc2 c6 14.
e3 a5 15. Nd2 f6 16. Nd3 Na6 17. Nc4 Nab4 18. Nxb4 Nxb4 19. Qe4 Re8 20. h4 b5 21. Nb2 Qd5 22. Rc3 Qxe4 23. Bxe4 e5 24. dxe5 Rxe5 25. Bf3 Re7 26. Kg2 Kf7 27. h5 Rd7 28. Be4 Rd2 29. Nd3 Nxd3 30. Rxd3 Rxd3 31. Bxd3 g6 32. hxg6+ hxg6 33. Be4 a4 34. b4 a3 35. Kf1 Ra4 36. Bc2 Rxb4 37. Rxa3 Bc8 38. Ra7+ Ke6 39. Bxg6 Kd6 40. Rf7 Bh3+ 41. Ke2 Ke6 42. Rc7 Bg2 43. Rc8 Rb2+ 44.
Ke1 Bf3 45. g4 b4 46. Bf5+ Kd6 47. Rd8+ Ke5 48. Re8+ Kd5 49. e4+ Kd4 50. Rd8+ Kc5 51. e5 Re2+ 52. Kf1 Rxe5 53. Rd2 Rd5 54. Rc2+ Kb6 55.
Rc4 Rd1# 0-1

[Event "*** Titled Tuesday 3|2 Blitz"]
[Site "Chess.com"]
[Date "2016.01.05"]
[Round "2"]
[White "Carolina-moon"]
[Black "RobertoSuardi"]
[Result "0-1"]
[WhiteElo "1999"]
[BlackElo "1877"]
[TimeControl "180+2"]
[EndTime "17:25:18 PST"]
[Termination "RobertoSuardi won by resignation"]

1. e4 Nf6 2. e5 Nd5 3. d4 d6 4.
c4 Nb6 5. exd6 exd6 6. Nc3 Be7 7. Bd3 O-O 8. Nge2 Bg4 9. O-O Nc6 10. Be3 Bf6 11.
f3 Bh5 12. Nf4 Bg6 13. Nxg6 hxg6 14. Be2 Re8 15. Bf2 Qd7 16. b3 Re7 17. a4 a5 18.
Qd2 Rae8 19. Rfe1 Nb4 20. Rad1 Qd8 21. Bf1 Nd7 22. Rxe7 Rxe7 23. Nd5 Nxd5 24. cxd5 b6 25. Bb5 Nf8 26. Re1 Rxe1+ 27. Qxe1 Qe7 28. Qd2 Bg5 29. Qd3 Nh7 30. g3 Bf6 31. Kg2 Nf8 32. Be3 Bg5 33.
Kf2 Bxe3+ 34. Qxe3 Qxe3+ 35. Kxe3 Nh7 36. h4 Kf8 37. g4 Nf6 38. Bc6 Ke7 39. Kf4 Kd8 40. Kg5 Ke7 41. Bb7 Nh7+ 42. Kf4 f6 43. Bc8 g5+ 44.
hxg5 Nxg5 45. Ke3 Nh3 46. f4 g5 47. fxg5 fxg5 48. Bf5 Nf4 49. Be4 Kf6 50. Kd2 Nh3 51.
Kc3 Nf2 52. Bf3 Nh3 53. b4 axb4+ 54. Kxb4 Nf4 55. Kb5 Ke7 56. Kc6 Kd8 57. Be4 Ne2 58. Kb5 Nc3+ 0-1

[Event "*** Titled Tuesday 3|2 Blitz"]
[Site "Chess.com"]
[Date "2016.01.05"]
[Round "2"]
[White "Iball95"]
[Black "Zlatan56"]
[Result "1-0"]
[WhiteElo "2406"]
[BlackElo "2562"]
[TimeControl "180+2"]
[EndTime "17:25:26 PST"]
[Termination "Iball95 won by resignation"]

1. Nf3 g6 2. g3 Bg7 3. Bg2 c5 4. O-O Nc6 5. c4 e6 6. Nc3 Nge7 7. a3 O-O 8. Rb1 d5 9. d3 b6 10. Bd2 Bb7 11. b4 cxb4 12. axb4 dxc4 13. dxc4 Rc8 14. Qb3 Nf5 15. e3 Nxb4 16. Rfd1 Nc6 17. Nb5 Qe7 18.
g4 Nh4 19. Nxh4 Qxh4 20. Nd6 Ba8 21. Nxc8 Rxc8 22. f3 Ne5 23. Be1 Qe7 24. e4 h5 25.
gxh5 gxh5 26. Rbc1 Ng6 27. Qe3 Kh7 28. Bd2 Rd8 29.
Qg5 Qxg5 30. Bxg5 Rd4 31. Be3 Rxd1+ 32. Rxd1 Ne5 33. c5 b5 34. Rd8 Bc6 35. Kf2 a5 36.
f4 Ng4+ 37. Ke2 b4 38. Rb8 Nxe3 39. Kxe3 a4 40. Rb6 a3 41. Rxc6 a2 42. Ra6 b3 43.
e5 b2 44. Be4+ 1-0

[Event "*** Titled Tuesday 3|2 Blitz"]
[Site "Chess.com"]
[Date "2016.01.05"]
[Round "2"]
[White "1stSecond"]
[Black "Penguininja"]
[Result "1-0"]
[WhiteElo "2482"]
[BlackElo "2147"]
[TimeControl "180+2"]
[EndTime "17:25:30 PST"]
[Termination "1stSecond won by resignation"]

1. d4 d5 2. c4 c6 3. Nc3 Nf6 4. Nf3 e6 5. e3 Nbd7 6. Qc2 g6 7. Bd2 Bg7 8. cxd5 exd5 9. Bd3 O-O 10. b4 Nb6 11.
Ne5 Nfd7 12. f4 Nxe5 13. fxe5 f6 14. exf6 Qxf6 15. O-O-O Bf5 16. Rhf1 Bxd3 17. Qxd3 Qe7 18. a3 a5 19. Rxf8+ Bxf8 20. Nb1 Nc4 21. bxa5 Nxd2 22.
Rxd2 Rxa5 23. Re2 Bh6 24. Kb2 Qc7 25. e4 Rb5+ 26. Ka2 dxe4 27. Qc4+ Qf7 28. Qxf7+ Kxf7 29. Nc3 Ra5 30. Nxe4 Bf8 31. Re3 Be7 32. g4 h6 33.
Kb2 Rb5+ 34. Kc2 Ra5 35. Kb2 Rb5+ 36. Rb3 Rxb3+ 37. Kxb3 Ke6 38. Nc3 Bd6 39. h3 h5 40.
a4 Be7 41. Kc4 b6 42. Ne4 Bd8 43. Nd2 Be7 44. Nf3 hxg4 45. hxg4 Bf6 46. Ne1 Be7 47.
Nc2 Bd6 48. Ne3 Bf4 49. Nc2 Bd6 50. Na1 Be7 51. Nb3 Bd8 52. Nd2 Be7 53. Ne4 Bd8 54. Kd3 Be7 55. Nc3 Kd6 56. Ke4 Ke6 57. Ne2 Bd6 58.
Nc1 Be7 59. Nd3 Bd6 60. Nb2 Bb8 61. Nc4 Bc7 62. Ne3 Kd7 63. d5 Bd6 64. Nc4 cxd5+ 65. Kxd5 Bc7 66. Ne5+ Bxe5 67. Kxe5 Kc6 68. Kf6 Kc5 69.
Kxg6 Kb4 70. Kf6 Kxa4 71. g5 b5 72. g6 b4 73. g7 b3 74. g8=Q Ka3 75. Qa8+ Kb2 76. Ke5 Kc1 77. Qc6+ Kd2 78. Qb5 Kc2 79. Qc4+ 1-0

[Event "*** Titled Tuesday 3|2 Blitz"]
[Site "Chess.com"]
[Date "2016.01.05"]
[Round "2"]
[White "tac49"]
[Black "alex_zapata"]
[Result "1-0"]
[WhiteElo "2428"]
[BlackElo "2187"]
[TimeControl "180+2"]
[EndTime "17:25:39 PST"]
[Termination "tac49 won by checkmate"]

1. e4 c5 2. Nc3 e6 3. Nf3 Nc6 4. g3 Nf6 5. Bg2 d5 6. exd5 Nxd5 7. Nxd5 Qxd5 8. O-O Be7 9. Re1 Qd8 10. d3 O-O 11. Be3 Qc7 12. Nd2 b6 13. a4 Bb7 14. Nc4 e5 15. a5 Nxa5 16. Nxa5 Bxg2 17. Kxg2 bxa5 18.
b3 f5 19. Qe2 f4 20. Bxf4 exf4 21. Qxe7 Qc6+ 22. Qe4 Qc7 23. f3 Kh8 24. Qe5 Qb6 25. gxf4 h6 26. Re4 Kh7 27. Kh1 Rf6 28. Rg1 Raf8 29. f5 Qc6 30. Qg3 R8f7 31. Qg6+ Rxg6 32.
fxg6+ Kg8 33. gxf7+ Kxf7 34. Rge1 Qf6 35. Kg2 Qg5+ 36. Kf2 Qd2+ 37. R1e2 Qd1 38. Re7+ Kg8 39. Rxa7 Qh1 40. Ke3 Qg1+ 41. Kd2 c4 42. Ra8+ Kh7 43.
bxc4 Qc5 44. Rb8 a4 45. Rb5 Qa3 46. Rb7 Qa2 47. Ree7 a3 48. Rxg7+ Kh8 49. Rh7+ Kg8 50. Rbc7 Qa1 51. Rcg7+ Kf8 52. Ra7 a2 53. Ra8# 1-0

[Event "*** Titled Tuesday 3|2 Blitz"]
[Site "Chess.com"]
[Date "2016.01.05"]
[Round "2"]
[White "MMSANCHEZ"]
[Black "Quiet_Desperation"]
[Result "0-1"]
[WhiteElo "2295"]
[BlackElo "2132"]
[TimeControl "180+2"]
[EndTime "17:26:21 PST"]
[Termination "Quiet_Desperation won by checkmate"]

1. d4 Nf6 2. c4 e6 3. Nf3 Bb4+ 4.
Bd2 Qe7 5. Nc3 Nc6 6. g3 O-O 7.
Bg2 Bxc3 8. Bxc3 Ne4 9. Qc2 Nxc3 10. Qxc3 d6 11. O-O e5 12. dxe5 dxe5 13. Rfd1 Bg4 14.
Rd2 Rad8 15. Rad1 Rxd2 16. Rxd2 f6 17. h3 Bh5 18. Ne1 Rd8 19. Bxc6 bxc6 20. Ng2 h6 21. Ne3 Bg6 22. b4 Rd7 23. c5 Qd8 24. Rxd7 Qxd7 25.
Kh2 Kh7 26. a4 Qe6 27. Qc4 Qd7 28. Qg4 f5 29. Qc4 Qd2 30. h4 h5 31. Qd3 Qe1 32.
Kg2 Qxb4 33. Qd7 Qe4+ 34. Kg1 f4 35. Ng2 fxg3 36. fxg3 Bf5 37. Qd2 Qxa4 38. Ne3 Bg6 39. Qc3 Qd4 40. Qxd4 exd4 41. Nd1 a5 42. Nb2 Bc2 43.
Nc4 a4 44. Kf2 Bb3 45. Na3 Bd5 46. Ke1 Kg6 47. Nc2 Kf5 48. Nxd4+ Ke4 49. Nc2 Bb3 50.
Na1 Kd4 51. Kd2 Kxc5 52. Kc3 Kd5 53. Kd3 Ke5 54. Ke3 Kf5 55. Kf3 Bd5+ 56. Kf2 Be4 57. Ke3 Bb1 58. Kf2 Ke5 59. Ke3 Kd5 60. Kd2 Kd4 61.
Kc1 Bf5 62. Kd2 Kc4 63. e3 Kb4 64. Kc1 Kc3 65. e4 Bxe4 66. g4 hxg4 67. Nc2 Bxc2 68. h5 a3 69. h6 a2 70. hxg7 a1=Q# 0-1

[Event "*** Titled Tuesday 3|2 Blitz"]
[Site "Chess.com"]
[Date "2016.01.05"]
[Round "2"]
[White "FairChess_on_YouTube"]
[Black "MasterLeif"]
[Result "1/2-1/2"]
[WhiteElo "2769"]
[BlackElo "2372"]
[TimeControl "180+2"]
[EndTime "17:27:00 PST"]
[Termination "Game drawn - insufficient material"]

1. d4 d5 2. Nf3 Nf6 3. c4 c6 4.
Qb3 dxc4 5. Qxc4 Bf5 6. g3 e6 7. Bg2 Nbd7 8. O-O h6 9. Re1 Be7 10. Nc3 Ne4 11. Qb3 Qb6 12. Nh4 Qxb3 13. axb3 Bxh4 14. gxh4 Ndf6 15. f3 Nxc3 16. bxc3 O-O 17. e4 Bg6 18. Bf4 Rfe8 19. Ra5 a6 20. b4 Nd7 21.
Kf2 f6 22. Bd6 e5 23. Bh3 Nb6 24. dxe5 Nc4 25. Rc5 Nxe5 26. Bxe5 fxe5 27. Rd1 Re7 28. Ke3 Rf8 29. Bg4 h5 30. Rd7 Rfe8 31. Bh3 Rxd7 32. Bxd7 Re7 33. Bc8 Kf7 34. c4 Kf6 35. b5 axb5 36.
cxb5 Rc7 37. Bh3 Be8 38. b6 Re7 39. f4 exf4+ 40. Kxf4 Bd7 41. Bf1 Be6 42. Rxh5 Rd7 43. e5+ Kf7 44. Rh8 Rd4+ 45. Ke3 Rb4 46. Be2 Rb3+ 47.
Kf4 Rb4+ 48. Kg5 Rxb6 49. Bh5+ Ke7 50. Rh7 Kf8 51. Rh8+ Ke7 52. Kg6 Bf7+ 53. Kxg7 Bxh5 54. Rxh5 Rb2 55. Rg5 Rxh2 56. h5 b5 57. h6 b4 58. Rg6 c5 59. Rc6 b3 60. Rxc5 b2 61. Rb5 Rg2+ 62. Kh8 Ke6 63. Kh7 Ke7 64. Rb6 Re2 65.
Kg6 Rg2+ 66. Kf5 Rh2 67. Rxb2 Rxb2 68. h7 Rh2 69. Kg6 Ke6 70. Kg7 Rxh7+ 71. Kxh7 Kxe5 1/2-1/2

[Event "*** Titled Tuesday 3|2 Blitz"]
[Site "Chess.com"]
[Date "2016.01.05"]
[Round "2"]
[White "Gabrielian_Artur"]
[Black "chessdude"]
[Result "0-1"]
[WhiteElo "2472"]
[BlackElo "2340"]
[TimeControl "180+2"]
[EndTime "17:27:48 PST"]
[Termination "chessdude won on time"]

1. e4 c5 2. Nf3 d6 3. d4 cxd4 4. Nxd4 Nf6 5. Nc3 g6 6. Be2 Bg7 7. O-O O-O 8. Re1 Nc6 9. Nb3 Be6 10. Bf1 a6 11. Bg5 b5 12. a4 b4 13. Nd5 Nd7 14.
Rb1 h6 15. Bh4 g5 16. Bg3 a5 17. Bb5 Nce5 18. Nd4 Rc8 19. Rc1 Nc5 20. Bxe5 Bxe5 21. Nc6 Rxc6 22. Bxc6 Bxb2 23. Rb1 Bg7 24. Bb5 Bxd5 25. exd5 Bf6 26. Qh5 Kg7 27. Rbd1 Nd7 28. Re3 Ne5 29. Rg3 Ng6 30. Bd3 Qc7 31. h4 Qc5 32. hxg5 hxg5 33. Re1 Rh8 34. Qe2 Qxd5 35. Bxg6 Kxg6 36. Rd3 Qf5 37. g4 Qf4 38. Qe4+ Qxe4 39. Rxe4 Rc8 40. Re2 Rc5 41. Kg2 Be5 42. Red2 e6 43. Kf1 d5 44. Ke2 Bf4 45. Rd1 Rxc2+ 46. Kf1 Ra2 47. Kg2 Rxa4 48. Rh1 Ra2 49. Rdh3 Kf6 50.
Rh6+ Ke7 51. Rh8 Be3 52. Rb8 Rxf2+ 53. Kh3 Rf3+ 54. Kg2 Rg3+ 55. Kf1 Rxg4 56. Rb7+ Kf6 57. Ke2 Bd4 58. Rh7 Ke5 59. Rhxf7 Rg2+ 60. Kd3 Bc3 61. Rb5 g4 62. Rxa5 Rd2+ 63. Ke3 b3 64. Rb5 b2 65. Rc7 Rd1 66. Rcb7 Rd2 67. Rg7 b1=Q 68. Rg5+ Qf5 0-1